 Dungeon Crawl Stone Soup version 0.31-a0-105-gc0b45f0da6 (webtiles) character file.

Game seed: 3958077722468758631

25 Bigbad the Grasshopper (level 2, -2/14 HPs)
             Began as a Spriggan Warper on May 27, 2023.
             Slain by a worm (9 damage)
             ... on level 2 of the Dungeon.
             The game lasted 00:09:19 (865 turns).

Bigbad the Grasshopper (Spriggan Warper)             Turns: 865, Time: 00:09:20

Health: -2/14      AC:  2    Str:  7    XL:     2   Next: 86%
Magic:  6/6        EV: 17    Int: 14    God:
Gold:   45         SH:  0    Dex: 14    Spells: 4/6 levels left

rFire   . . .        l - +0 spear
rCold   . . .        (no shield)
rNeg    . . .        b - +0 robe
rPois   .            (helmet restricted)
rElec   .            (no cloak)
rCorr   .            (gloves unavailable)
SInv    +            (boots unavailable)
Will    .....        (no amulet)
Stlth   +            (no ring)
HPRegen 0.22/turn    (no ring)
MPRegen 0.10/turn

%: no passive effects
@: very quick
A: very small, no large weapons, unfitting armour, see invisible, speed 3
a: no special abilities


You were on level 2 of the Dungeon.
You visited 1 branch of the dungeon, and saw 2 of its levels.

You collected 45 gold pieces.

Inventory:

Hand Weapons
 a - a +0 short sword
 l - a +0 spear (weapon)
Missiles
 d - 3 boomerangs of dispersal
 g - 5 javelins
Armour
 b - a +0 robe (worn)
 e - a +0 robe
 k - a +0 leather armour
Scrolls
 c - a scroll of blinking
 f - a scroll of amnesia {unknown}
 j - a scroll of enchant armour {unknown}
 m - a scroll of butterflies {unknown}
 o - a scroll of teleportation {unknown}
Potions
 h - 3 potions of curing {unknown}
 i - a potion of mutation {unknown}
 n - a potion of ambrosia {unknown}


   Skills:
 + Level 1.6 Fighting
 + Level 2.5 Short Blades
 + Level 1.0 Throwing
 + Level 3.3 Dodging
 + Level 0.4 Stealth
 + Level 2.9 Spellcasting
 + Level 5.3 Translocations


You had 4 spell levels left.
You knew the following spells:

 Your Spells              Type           Power      Damage    Failure   Level
a - Blink                 Tloc           32%        N/A       3%          2

Your spell library contained the following spells:

 Spells                   Type           Power      Damage    Failure   Level
 Lesser Beckoning         Tloc           32%        N/A       3%          2
 Teleport Other           Tloc           16%        N/A       8%          3
 Manifold Assault         Tloc           16%        N/A       24%         4
 Vhi's Electric Charge    Tloc/Air       16%        N/A       26%         3


Dungeon Overview and Level Annotations

Branches:
Dungeon (2/15)

Altars:


Innate Abilities, Weirdness & Mutations

You are very small and have problems with some larger weapons.
You are too small for most types of armour.
You have supernaturally acute eyesight. (SInv)
You cover ground extremely quickly. (Speed+++)


Message History

You see here 16 gold pieces.
You now have 45 gold pieces (gained 16).
The kobold throws a stone.
The stone completely misses you. The kobold hits you with a +0 dagger.
You barely miss the kobold. The kobold closely misses you.
You hit the kobold.
You kill the kobold!
Things that are here:
a +0 dagger; a stone; a kobold corpse You start resting.
HP restored.
Found 2 stones.
A worm comes into view.
Found a robe.
The worm bites you.
You hit the worm.
The worm is lightly wounded.
You hit the worm.
The worm is lightly wounded.
The worm misses you.
You hit the worm but do no damage.
The worm is lightly wounded.
The worm misses you.
You hit the worm.
The worm is lightly wounded.
You hit the worm but do no damage.
The worm is lightly wounded.
The worm closely misses you.
You hit the worm.
The worm is moderately wounded.
You hit the worm.
The worm is moderately wounded.
The worm bites you.
You hit the worm.
The worm is heavily wounded.
The worm bites you.
You hit the worm.
The worm is severely wounded.
The worm bites you!
Ouch! That really hurt!
You die...

..........##
...........####
####..........#
#....##..##.##
....[.###.##..##
#.###...#...#..#
.. ###..##.##.##
#.# ...##. #..##
.. ...## ##@.#
.# ##w# .(# ..#
..# ... ....
[...


You could see a worm.

Vanquished Creatures
  An adder (D:2)
  A dart slug (D:1)
  4 endoplasms (D:1)
  A hobgoblin (D:1)
  3 quokkas (D:1)
  A ball python (D:1)
  A frilled lizard (D:2)
  A kobold (D:2)
  A rat (D:1)
14 creatures vanquished.

Notes
Turn   | Place    | Note
-------+----------+-------------------------------------------
     0 | D:1      | Bigbad the Spriggan Warper began the quest for the Orb.
     0 | D:1      | Reached XP level 1. HP: 10/10 MP: 5/5
   234 | D:1      | Reached skill level 5 in Translocations
   234 | D:1      | Reached XP level 2. HP: 14/14 MP: 6/6
   240 | D:1      | Learned a level 2 spell: Blink
   701 | D:2      | Found a faded altar of an unknown god.
   865 | D:2      | Slain by a worm

Illustrated notes

Levels and vault maps discovered:
D:1:      shiori_shiawase, layout_basic
D:2:      layout_rooms, hellmonk_ecumenical_altar_run_dry,
          minmay_tree_intersection, uniq_sigmund

Skill      XL: |  1 |
---------------+----+-----
Translocations | 5 |  5.3
Fighting       | |  1.6
Short Blades   | |  2.5
Throwing       | |  1.0
Dodging        | |  3.3
Stealth        | |  0.4
Spellcasting   | |  2.9

Action                     || total
---------------------------++-------
  Melee: Short sword       ||    22
         Spear             ||    50
  Throw: Boomerang         ||     4
   Cast: Blink             ||     3
    Use: Potion            ||     1
   Stab: Sleeping          ||     2
 Armour: Robe              ||     7
  Dodge: Dodged            ||    53

Table legend: (Time is in decaauts)
 A = Elapsed time spent in this place.
 B = Non-inter-level travel time spent in this place.
 C = Inter-level travel time spent in this place.
 D = Time resting spent in this place.
 E = Time spent auto-exploring this place.
 F = Levels seen in this place.
 G = Mean time per level.
                   A        B        C        D        E       F      G
               +--------+--------+--------+--------+--------+-----+--------+
         Total |    670 |    458 |    212 |    265 |     25 |   2 |  335.0 |
       Dungeon |    670 |    458 |    212 |    265 |     25 |   2 |  335.0 |
               +--------+--------+--------+--------+--------+-----+--------+

Top non-repeatable levels by time:
     D:1: 514 daAuts
     D:2: 156 daAuts
